Cogmind - Beta 12 @@@ ROGUE MODE // 2023.03.17 @ 20:57:31 Player: lyrabold Result: Destroyed by 8R-AWN with 8R-AWN's Boregun Performance ------------- Evolutions (0) 0 Regions Visited (3) 600 Robots Destroyed (28) 140 Value Destroyed (639) 639 Prototype IDs (27) 540 Alien Tech Used (0) 0 Bonus (268) 268 TOTAL SCORE: 2187 Bonus ------- Aligned with FarCom 300 Friendly Fire -32 Cogmind --------- Core Integrity 0/250 Matter 172/400 Energy 248/250 System Corruption 0% Temperature Cool (0) Movement Walking (120) Location -10/Exiles Parts ------- > --- POWER (1) -------- Ion Engine > --- PROPULSION (2) --- Aluminum Leg Aluminum Leg > --- UTILITY (2) ------ Medium Matter Pod > --- WEAPON (2) ------- Autogun Improved Assault Rifle > --- INVENTORY (5) ---- Improved Assault Rifle Peak State ------------ > --- POWER ------------ Ion Engine > --- PROPULSION ------- Aluminum Leg Aluminum Leg > --- UTILITY ---------- Bomb Drone Bay > --- WEAPON ----------- Autogun Autogun > --- INVENTORY -------- Aluminum Leg Cooling System Improved Assault Rifle Improved Assault Rifle Mining Laser [Rating: 22] Favorites ----------- Power Ion Engine Engine Ion Engine Propulsion Aluminum Leg Treads Light Treads Leg Aluminum Leg Utility Large Storage Unit Device Seismic Detector Storage Large Storage Unit Protection Light Armor Plating Weapon Autogun Ballistic Gun Autogun Special Weapon Mining Laser Build | -11 -10 -10 -10 ------- Run | Jun Mat Min Exi Slots Evolved . | . . . . Power . | . . . . Propulsion . | . . . . Utility . | . . . . Weapon . | . . . . Parts Attached 37 | 7 19 3 8 Power 3 | 1 2 . . Engine 3 | 1 2 . . Core . | . . . . Reactor . | . . . . Propulsion 13 | 2 9 . 2 Treads 9 | 2 6 . 1 Leg 4 | . 3 . 1 Wheel . | . . . . Hover . | . . . . Flight . | . . . . Utility 11 | 2 2 3 4 Device 6 | 1 1 2 2 Storage 4 | 1 1 1 1 Processor . | . . . . Hackware . | . . . . Protection 1 | . . . 1 Artifact . | . . . . Weapon 10 | 2 6 . 2 Energy Gun . | . . . . Energy Cannon . | . . . . Ballistic Gun 9 | 2 5 . 2 Ballistic Cannon . | . . . . Launcher . | . . . . Special Weapon 1 | . 1 . . Impact Weapon . | . . . . Slashing Weapon . | . . . . Piercing Weapon . | . . . . Special Melee Weapon . | . . . . Unidentified Prototypes 2 | . 1 1 . Parts Lost 11 | . 6 . 5 Power 2 | . 2 . . Propulsion 4 | . 3 . 1 Utility 2 | . . . 2 Weapon 3 | . 1 . 2 Highest Loss Streak 2 | . 2 . 2 To Critical Strikes 4 | . . . 4 Average Slot Usage (%) 95 | . 93 98 95 Engine 13 | . 13 14 14 Treads 7 | . 18 . . Leg 18 | . 4 28 27 Device 12 | . 14 13 9 Storage 13 | . 14 13 13 Ballistic Gun 27 | . 27 28 28 Naked Turns . | . . . . Heaviest Build 34 | 11 32 32 34 Greatest Support 40 | 40 40 20 20 Greatest Overweight (x) 1 | . 1 1 1 Average Overweight (x) . | . . . . Largest Inventory Capacity 15 | 8 15 15 15 Average Capacity 14 | 7 14 14 14 Most Carried 15 | 5 15 15 15 Average Carried 12 | 2 11 14 12 Final Capacity 15 | 8 15 15 5 Final Carried 15 | 5 14 15 1 Class Distribution -------------------- 100% | Mutant Dominant Class ---------------- Mutant | -10/Materials Mutant | -10/Mines Mutant | -10/Exiles Resources | -11 -10 -10 -10 ----------- Run | Jun Mat Min Exi Matter Collected 1610 | 288 772 192 358 Remotely . | . . . . Salvage Created 1125 | 105 793 217 10 Parts 46 | 7 36 3 . Haulers Intercepted 2 | . 2 . . Recyclers Shooed 8 | 1 1 6 . Parts Field Recycled . | . . . . Retrieved Matter . | . . . . Parts Self-Destructed . | . . . . Prevented . | . . . . Kills | -11 -10 -10 -10 ------- Run | Jun Mat Min Exi Combat Hostiles Destroyed 18 | . 17 . 1 Guns 18 | . 17 . 1 Classes Destroyed 8 | 2 5 . 1 Tunneler 2 | 2 . . . Hauler 2 | . 2 . . Recycler 4 | 1 . 3 . Mechanic 1 | . 1 . . Watcher 2 | . 2 . . Swarmer 3 | . 3 . . Grunt 14 | . 14 . . Assembled 1 | . . . 1 Best Kill Streak 4 | 2 4 2 1 Combat Bots Only 4 | . 4 . 1 Max Kills in Single Turn 1 | 1 1 1 1 Gunslinging . | . . . . Exploded . | . . . . Melee . | . . . . Uniques/NPCs Destroyed . | . . . . Combat | -11 -10 -10 -10 -------- Run | Jun Mat Min Exi Damage Taken 1909 | . 883 . 1026 Core 256 | . 102 . 154 Absorbed by Shields . | . . . . Core Remaining (%) 100 | 100 . . . Volleys Fired 147 | 9 81 12 45 Largest 2 | 2 2 2 2 Hottest 100 | 40 100 46 46 Shots Fired 292 | 18 161 24 89 Gun 291 | 18 160 24 89 Cannon . | . . . . Launcher . | . . . . Special 1 | . 1 . . Kinetic 291 | 18 160 24 89 Thermal 1 | . 1 . . Explosive . | . . . . Electromagnetic . | . . . . Robot Hit Streak 15 | 6 15 3 10 Robot Miss Streak 5 | 2 3 5 3 Penetration Max . | . . . . Secondary Targets 3 | . 3 . . Max Gunslinging Chain 1 | . 1 . . Shots Hit Robots 197 | 13 115 11 58 Core Hits 64 | 6 38 5 15 Critical Kills . | . . . . Critical Parts Destroyed 1 | . 1 . . Critical Strikes 1 | . 1 . . Destroy 1 | . 1 . . Melee Attacks . | . . . . Impact . | . . . . Slashing . | . . . . Piercing . | . . . . Sneak Attacks . | . . . . Combat Hostiles . | . . . . Follow-up Attacks . | . . . . Damage Inflicted 2748 | 107 1572 212 857 Guns 2700 | 107 1546 190 857 Cannons . | . . . . Explosions . | . . . . Melee . | . . . . Ramming 48 | . 26 22 . Kinetic 2700 | 107 1546 190 857 Thermal . | . . . . Explosive . | . . . . Electromagnetic . | . . . . Impact . | . . . . Slashing . | . . . . Piercing . | . . . . Highest Corruption . | . . . . Average Corruption . | . . . . Corruption Purged . | . . . . Corruption Blocked . | . . . . Overload Shots . | . . . . Overflow Damage . | . . . . Projectiles . | . . . . Explosions . | . . . . Melee . | . . . . Knockbacks . | . . . . Impact . | . . . . Kinetic . | . . . . Secondary . | . . . . Self-Inflicted Damage . | . . . . Shots . | . . . . Rammed 5 | . 5 . . Targets Rammed 13 | . 8 5 . Kicked 8 | . 3 5 . Crushed . | . . . . Highest Temperature 62 | . 62 12 33 Average Temperature 11 | . 13 5 9 Received Heat Transfer 456 | . 450 . 6 Siege Activations . | . . . . Robots Corrupted . | . . . . Combat Hostiles . | . . . . Parts Fried . | . . . . Impact Corruptions . | . . . . Robots Melted . | . . . . Combat Hostiles . | . . . . Parts Melted . | . . . . Heat Transferred . | . . . . Parts Sabotaged . | . . . . Parts Stolen . | . . . . Parts Stripped . | . . . . Power Chain Reactions . | . . . . Missiles Intercepted . | . . . . Alert | -11 -10 -10 -10 ------- Run | Jun Mat Min Exi Peak Influence 230 | 15 230 29 . Initial 29 | . 9 29 . Average 53 | 6 90 10 . Maximum Alert Level 1 | . 1 . . Low Security (%) 99 | 100 98 100 . Level 1 . | . 1 . . Level 2 . | . . . . Level 3 . | . . . . Level 4 . | . . . . Level 5 . | . . . . High Security . | . . . . Max Security . | . . . . Squads Dispatched 6 | . 6 . . Investigation 4 | . 4 . . Extermination . | . . . . Reinforcement 2 | . 2 . . Assault . | . . . . Garrison . | . . . . Intercept . | . . . . Searches Triggered . | . . . . Construction Impeded . | . . . . Haulers Reinforced . | . . . . Active Scanning Responses . | . . . . Cargo Convoy Interrupts . | . . . . Stealth | -11 -10 -10 -10 --------- Run | Jun Mat Min Exi Distress Signals 1 | . 1 . . Communications Jammed . | . . . . Distress Signals . | . . . . Times Spotted 27 | . 24 . 3 Peak Tracking Total 9 | . 3 . 9 Tactical Retreats . | . . . . Traps | -11 -10 -10 -10 ------- Run | Jun Mat Min Exi Traps Triggered 5 | . 5 . . Indirectly . | . . . . Trap Hack Attempts . | . . . . Triggered . | . . . . Disarmed . | . . . . Reprogrammed . | . . . . Reused . | . . . . Traps Extracted . | . . . . Installed . | . . . . Triggered . | . . . . Exploded 3 | . . . 3 Machines | -11 -10 -10 -10 ---------- Run | Jun Mat Min Exi Machines Disabled 6 | . 2 . 4 Max in Single Turn 2 | . 2 . 2 Machines Repaired . | . . . . Machines Sabotaged . | . . . . Overloaded Fab Kills . | . . . . Hacking | -11 -10 -10 -10 --------- Run | Jun Mat Min Exi Machines Accessed 12 | . 8 1 3 Terminals 6 | . 6 . . Fabricators . | . . . . Repair Stations . | . . . . Recycling Units 2 | . 2 . . Scanalyzers . | . . . . Garrison Access . | . . . . Total Hacks 28 | . 22 1 5 Successful 15 | . 9 1 5 Failed 13 | . 13 . . Catastrophic 1 | . 1 . . Database Lockouts . | . . . . Manual 16 | . 15 . 1 Terminals 19 | . 19 . . Fabricators . | . . . . Repair Stations . | . . . . Recycling Units 3 | . 3 . . Scanalyzers . | . . . . Garrison Access . | . . . . Terminal Hacks 10 | . 4 1 5 Record 4 | . . . 4 Robot Analysis 2 | . 2 . . Prototype ID Bank 1 | . 1 . . Open Door 1 | . . 1 . Locate Traps 1 | . 1 . . EX-Prototype ID Bank 1 | . . . 1 Fabricator Hacks . | . . . . Repair Station Hacks . | . . . . Recycling Unit Hacks 1 | . 1 . . Report Inventory 1 | . 1 . . Scanalyzer . | . . . . Garrison Access Hacks . | . . . . Unauthorized Hacks 4 | . 4 . . Terminals 2 | . 2 . . Assimilate 1 | . 1 . . Operators 1 | . 1 . . Fabricators . | . . . . Repair Stations . | . . . . Recycling Units 2 | . 2 . . Tunnel 2 | . 2 . . Scanalyzers . | . . . . Garrison Access . | . . . . Data Cores Recovered . | . . . . Used . | . . . . Hacking Detections 7 | . 7 . . Full Trace Events 2 | . 2 . . Feedback Events . | . . . . Feedback Blocked . | . . . . Robot Schematics Acquired . | . . . . Robots Built . | . . . . Authchips . | . . . . Time . | . . . . Total Robot Build Rating . | . . . . Part Schematics Acquired . | . . . . Parts Built . | . . . . Authchips . | . . . . Time . | . . . . Total Part Build Rating . | . . . . Parts Repaired . | . . . . Time . | . . . . Parts Recycled . | . . . . Recycled Matter . | . . . . Retrieved Matter . | . . . . Retrieved Components . | . . . . Parts Scanalyzed . | . . . . Part Schematics Acquired . | . . . . Parts Damaged . | . . . . Bothacking | -11 -10 -10 -10 ------------ Run | Jun Mat Min Exi Used RIF Installer . | . . . . Robots Hacked . | . . . . Non-combat . | . . . . Combat . | . . . . Robot Hacks Applied . | . . . . Relay Couplers Released . | . . . . Fabnet Peak Effective % . | . . . . Robots Rewired . | . . . . Allies Hacked . | . . . . Hacks Repelled . | . . . . Allies | -11 -10 -10 -10 -------- Run | Jun Mat Min Exi Total Allies 3 | . . 3 . Largest Group 3 | . . 3 3 Highest-Rated Group 40 | . . 40 40 Highest-Rated Ally 16 | . . 16 16 Total Orders 8 | . . 1 7 STAY 6 | . . . 6 FOLLOW 1 | . . . 1 RETURN 1 | . . 1 . Ally Attacks 9 | . . . 9 Total Damage 45 | . . . 45 Kills 1 | . . . 1 Allies Corrupted . | . . . . Allies Melted . | . . . . Intel | -11 -10 -10 -10 ------- Run | Jun Mat Min Exi Robot Analysis Total 2 | . 2 . . Derelict Logs Recovered 1 | . . 1 . Drone Launches 2 | . . 1 1 Drone Recoveries 1 | . . 1 . Exploration | -11 -10 -10 -10 ------------- Run | Jun Mat Min Exi Turns Passed 4596 | 128 1691 1344 1433 Spaces Moved 2087 | 59 725 651 652 Core 6 | 6 . . . Treads 643 | 53 587 . 3 Legs 1438 | . 138 651 649 Wheels . | . . . . Hover . | . . . . Flight . | . . . . Fastest Speed 50 | 50 160 120 120 Average Speed 188 | 148 190 188 190 Slowest Speed 240 | 160 240 190 240 Overloaded Moves . | . . . . Propulsion Burnouts . | . . . . Robots Hopped . | . . . . Cave-ins Triggered . | . . . . Exploration Rate (%) 68 | 5 98 99 70 Regions Visited 3 Branch Regions 2 Pre-discovered Areas 4 | . 2 1 1 Known Exits Taken . | . . . . Unknown Exits Taken 3 | 1 1 1 . Scrap Searched 1 | . . 1 . Spaces Dug 1 | . 1 . . Terrain Destroyed 1 | . 1 . . Melee . | . . . . Projectile 1 | . 1 . . AOE . | . . . . Terrain Rammed . | . . . . Walls Destroyed . | . . . . Machines Disabled . | . . . . Actions | -11 -10 -10 -10 --------- Run | Jun Mat Min Exi Total 2507 | 81 897 745 784 Wait 130 | 2 35 56 37 Move 2084 | 58 724 650 652 Hop . | . . . . Pick Up 57 | 5 19 13 20 Fast Attach 16 | 7 5 3 1 Attach 13 | . 7 . 6 Detach 3 | . 2 . 1 Swap 8 | . 7 . 1 Drop 36 | . 9 6 21 Fire 147 | 9 81 12 45 Melee . | . . . . Ram . | . . . . Kick 8 | . 3 5 . Crush 5 | . 5 . . Escape Stasis . | . . . . Rewire . | . . . . Trap . | . . . . Miscellaneous . | . . . . Route ------- -11/Junkyard -10/Materials (discovered 5 exits: [*Mat x3] / *Min x2) -10/Mines (discovered 3 exits: [*Mat x2] / *Exi) -10/Exiles (discovered 1 exit: [*Min]) History --------- Turn | Location | Event 6 | -11/Junkyard | Discovered new exit (range 15) 129 | -11/Junkyard | Entered Materials 312 | -10/Materials | Build established: Mutant 688 | -10/Materials | Discovered new exit (range 15) 836 | -10/Materials | Discovered new exit (range 6) 951 | -10/Materials | Discovered new exit (range 3) 971 | -10/Materials | Discovered new exit (range 16) 1518 | -10/Materials | Discovered new exit (range 14) 1820 | -10/Materials | Entered Mines 1874 | -10/Mines | Met a Derelict bent on vengeance 2197 | -10/Mines | Discovered new exit (range 8) 2222 | -10/Mines | Assisted by bots powering up and referring to "LRC-V3" 2330 | -10/Mines | Deemed a non-threat by the Exiles lab entrance 2330 | -10/Mines | Discovered new exit (range 5) 2467 | -10/Mines | Found a damaged Exp. Sensor Array with a note attached 2471 | -10/Mines | Found Prototype Device 2718 | -10/Mines | Found the Drone Emporium 2747 | -10/Mines | Found Prototype Device 2747 | -10/Mines | Identified Bomb Drone Bay 2966 | -10/Mines | Discovered new exit (range 5) 3164 | -10/Mines | Entered Exiles 3164 | -10/Exiles | Accompanied by 3 allies 3189 | -10/Exiles | Discovered new exit (range 15) 3235 | -10/Exiles | Met 8R-AWN 3265 | -10/Exiles | Met EX-HEX 3341 | -10/Exiles | Met EX-DEC 3349 | -10/Exiles | Learned location of Zion (-6) 4166 | -10/Exiles | Met EX-BIN 4192 | -10/Exiles | Aligned with FarCom system 4194 | -10/Exiles | Given EX-Vault access code 4240 | -10/Exiles | Opened EX-Vault 4253 | -10/Exiles | Found PSU Rigger 4295 | -10/Exiles | Warned to stay clear of 0b10 Research branches 4384 | -10/Exiles | Attacked by the Exiles 4486 | -10/Exiles | Core integrity fell below 50% 4576 | -10/Exiles | Core integrity fell below 20% 4597 | -10/Exiles | Destroyed by 8R-AWN with 8R-AWN's Boregun Last Messages --------------- 04579_ HV Slug penetrates Wall. 04583_ Wall collapses. 04583_ Bomb Drone released from Bomb Drone Bay. 04583_ Bomb Drone sneak attacks. 04583_ Bomb Drone detonates. 04583_ Bomb Drone destroyed. 04583_ Machine disabled. 04583_ Penetrated by HV Slug. 04583_ Critical hit (Destroy). 04583_ Bomb Drone Bay destroyed. 04583_ HV Slug penetrates Wall. 04583_ Penetrated by HV Slug. 04583_ HV Slug penetrates Wall. 04588_ Penetrated by HV Slug. 04588_ HV Slug penetrates Wall. 04590_ Wall collapses. 04593_ HV Slug penetrates Wall. 04593_ Penetrated by HV Slug. 04593_ HV Slug penetrates Wall. 04597_ Penetrated by HV Slug. Map ----- +----------------------------------------------------+ | ?????????????????????????????????????????????????? | | ?????????????????????????????????????????????????? | | ?????????????????????????????????????????????????? | | ?????????????????????????????????????????????????? | | ?????????????????????????????????????????????????? | | ?????????????????????????????????????????????????? | | ?????????????????????????????????????????????????? | | ?????????????????????????????????????????????????? | | ?????????????????????????????????????????????????? | | ?????????????????????????????????????????????????? | | ?????????????????????????????????????????????????? | | ?????????????????????????????????????????????????? | | ?????????????????????????????????????????????????? | | ?????????????????????????????????????????????????? | | ??????????????#??????????????????????????????????? | | ???????????????;?????????????????????????????????? | | ????????????? ?# #??????????#######??????????????? | | ???????????? ##;###???????#!!! "#??????????????? | | ???????????? ;""#??????# "#??????????????? | | ???????????? ??#???# "#??????????????? | | ???????????" ## #### ""#????????????### | | ????????????" ;#;##" ""#???????????? " | | ?????????????# # "#????????????" " | | ??????????????# #????????????"" | | ?????????????????# #?????????????"" | | ?????????????????#### [[@ ##????????????"" | | ??????????????????# ; !=! [% ##??????????? | | ??????????????########= == g ##???????????" | | ??????????????# * = ;;#?????????# | | ??????????????# =[ % ;#####???### | | ??????????????# % % ""#####X# | | ??????????????# !!! ! # # | | ??????????????# ! "" " ######" | | ??????????????##########?????#### % | | ????????????????????????????????##; | | ??????????????????????????????????### | | ????????????????????????????????????## | | ?????????????????????????????????????## | | ??????????????????????????????????????##" | | ???????????????????????????????????????#""" | | ??????????????????????????????????????##" | | ??????????????????????????????????????#"" | | ?????????????????????????????????????##""" | | ?????????????????????????????????????#""" | | ?????????????????????????????????????#""" | | ?????????????????????????????????????#"" | | ?????????????????????????????????????#""" | | ?????????????????????????????????????#"" | | ?????????????????????????????????????##"" | | ??????????????????????????????????????#"""" | +----------------------------------------------------+ Best States ------------- Heat Dissipation 25 Energy Generation 10 Energy Capacity 250 Matter Stores 300 Matter Capacity 300 Sight Range 16 Terrain Scan Density 10 Armor Coverage 150 Evasion (%) 45 Recoil Reduction 2 Item Schematics ----------------- None Robot Schematics ------------------ None Fabricated ------------ Nothing Alien Tech Used ----------------- None Achievements -------------- None Challenges ------------ None Game ------ Seed FireBoreJammer Manual? 0 Play Time 00:34:18 Cumulative 219.1 hours Start 2023.03.17 @ 00:33:39 End 2023.03.17 @ 20:57:31 Sessions 3 Manual Loads 0 Difficulty Rogue Special Mode None Game No. 118 Rogue 118 Adventurer 0 Explorer 0 Win Type - Total 8 Types 5/0/1/1/0/0/1/0/0 Lore% 73 Gallery% 77 Achievement% 70 Wizard Run 0 Options --------- ASCII 0 Keyboard 1 Movement Arrows Keybinds 0 Fullscreen 2 Font 18/X11 Map View 76x50 Tactical HUD 1 Map Filters NONE Filters NONE Steam 1 RUN: 5ed5e89b-f686-46ab-92cf-c88f434cd040